 Dungeon Crawl Stone Soup version 0.29.1-15-g9cfb28693d (webtiles) character file.

Game seed: 15237888474293896346

128 H0rd4k the Charlatan (level 5, -3/35 HPs)
             Began as an Octopode Artificer on Mar 1, 2023.
             Slain by an orc
             ... wielding a +0 hand axe
              (4 damage)
             ... on level 4 of the Dungeon.
             The game lasted 00:02:34 (2642 turns).

H0rd4k the Charlatan (Octopode Artificer)           Turns: 2642, Time: 00:02:35

Health: -3/35      AC:  3    Str: 11    XL:     5   Next: 12%
Magic:  7/7        EV: 13    Int: 16    God:
Gold:   116        SH:  0    Dex: 12    Spells: 3/7 levels left

rFire   + . .      SeeInvis .     - Unarmed
rCold   . . .      Faith    .   (no shield)
rNeg    . . .      Spirit   .   f - +2 hat
rPois   .          Reflect  .   (no amulet)
rElec   .          Harm     .   r - ring of protection from fire
rCorr   +          Rampage  .   a - ring of resist corrosion
Will    .....                   (no ring)
Stlth   +++.......              (no ring)
HPRegen 0.11/turn               (no ring)
MPRegen 0.10/turn               (no ring)
                                (no ring)
                                (no ring)

@: no status effects
A: almost no armour, amphibious, 8 rings, camouflage 1, gelatinous body 1,
(nimble swimmer 1), tentacles
a: no special abilities


You were on level 4 of the Dungeon.
You visited 1 branch of the dungeon, and saw 4 of its levels.

You collected 116 gold pieces.

Inventory:

Armour
 f - a +2 hat (worn)
Jewellery
 a - a ring of resist corrosion (right tentacle)
 r - a ring of protection from fire (left tentacle)
Wands
 b - a wand of flame (13)
 c - a wand of charming (15)
 d - a wand of iceblast (5)
 s - a wand of roots (6)
Scrolls
 e - 6 scrolls of teleportation {unknown}
 h - a scroll of fog {unknown}
 i - a scroll of vulnerability {unknown}
 j - 2 scrolls of silence {unknown}
 k - a scroll of fear {unknown}
 n - a scroll of identify {unknown}
 p - a scroll of brand weapon {unknown}
 q - a scroll of enchant weapon {unknown}
Potions
 g - 2 potions of heal wounds {unknown}
 l - a potion of curing {unknown}
 m - a potion of ambrosia {unknown}
 o - a potion of mutation {unknown}


   Skills:
 + Level 2.3 Fighting
 - Level 2.3 Dodging
 - Level 1.3 Stealth
 + Level 2.4 Unarmed Combat
 * Level 1.9 Spellcasting
 * Level 1.5 Summonings
 - Level 3.2 Evocations


You had 3 spell levels left.
You knew the following spells:

 Your Spells              Type           Power      Damage    Failure   Level
a - Summon Small Mammal   Summ           24%        N/A       11%         1
b - Call Canine Familiar  Summ           6%         N/A       32%         3

Your spell library contained the following spells:

 Spells                   Type           Power      Damage    Failure   Level
 Summon Guardian Golem    Hex/Summ       4%         N/A       41%         3


Dungeon Overview and Level Annotations

Branches:
Dungeon (4/15)
 Temple: D:4-7

Altars:

Shops:
D:2 *

Annotations:
D:2 1 runed translucent door, exclusion: door, Crazy Yiuf


Innate Abilities, Weirdness & Mutations

You cannot wear most types of armour.
You are amphibious.
You can wear up to eight rings at the same time.
Your skin changes colour to match your surroundings (Stealth+).
Your rubbery body absorbs attacks. (AC +1, EV +1)
((You are camouflaged when in or above water. (Stealth+)))
You have tentacles for arms and can constrict up to eight enemies at once.


Message History

You tentacle-slap the orc. Your grab misses the orc.
Your squeeze misses the orc.
The orc is severely wounded.
The orc hits you with a +0 hand axe.
You barely miss the orc. Your grab misses the orc.
The orc is severely wounded.
The orc barely misses you.
You tentacle-slap the orc but do no damage.
Your grab misses the orc.
The orc is severely wounded.
The orc hits you with a +0 hand axe.
You closely miss the orc. You grab the orc.
The orc is severely wounded.
You constrict the orc. The orc hits you with a +0 hand axe.
The orc barely misses you. The orc hits you with a +0 club.
You tentacle-slap the orc but do no damage.
The orc is almost dead.
You constrict the orc, but do no damage.
The orc hits you with a +0 hand axe. The orc hits you with a +0 club.
The orc barely misses you.
You release your grip on the orc.
The orc attacks as you move away! The orc hits you with a +0 hand axe.
The orc attacks as you move away! The orc hits you with a +0 hand axe.
* * * LOW HITPOINT WARNING * * *
The orc attacks as you move away! The orc closely misses you.
You tentacle-slap the orc but do no damage.
Your grab misses the orc. Your squeeze misses the orc.
The orc is almost dead.
The orc hits you but does no damage. The orc attacks as you move away!
The orc hits you but does no damage.
The orc throws a boomerang.
The boomerang misses you.
There is an open door here.
You barely miss the orc. Your grab misses the orc.
The orc is severely wounded.
The orc hits you with a +0 hand axe!
* * * LOW HITPOINT WARNING * * *
You barely miss the orc. Your grab misses the orc.
The orc is severely wounded.
The orc hits you with a +0 hand axe.
You die...

.....<#.......######.#######
....###..#....# #.#
...........<..######.#####.#
.##...........#.......)....#
............#.#............#
###.......###.#............#
+........##................
#........##..#o#.##........
........#..##@#...........
.......oo...#.#...........
.......##.#.#.#...####+###
.?..... ....#.#.###
.......#.####.#.# .........
#.#.. ######..# ..### #.#
### ..


You could see an orc.

Vanquished Creatures
  Jessica (D:2)
  3 adders
  An ufetubus (D:2)
  4 dart slugs
  3 orcs
  3 endoplasms
  4 giant cockroaches
  4 goblins (D:2)
  6 hobgoblins
  A quokka (D:2)
  12 ball pythons
  9 bats
  6 frilled lizards
  4 kobolds
  2 rats
63 creatures vanquished.

Notes
Turn   | Place    | Note
-------+----------+-------------------------------------------
     0 | D:1      | H0rd4k the Octopode Artificer began the quest for the Orb.
     0 | D:1      | Reached XP level 1. HP: 13/13 MP: 1/1
   358 | D:1      | Reached XP level 2. HP: 18/18 MP: 1/3
   486 | D:1      | Reached skill level 1 in Spellcasting
   975 | D:1      | Learned a level 1 spell: Summon Small Mammal
  1120 | D:2      | Reached XP level 3. HP: 24/24 MP: 4/4
  1126 | D:2      | Reached skill level 1 in Unarmed Combat
  1152 | D:2      | Noticed Jessica
  1156 | D:2      | Killed Jessica
  1157 | D:2      | Reached skill level 1 in Summonings
  1157 | D:2      | Reached XP level 4. HP: 29/29 MP: 4/6
  1237 | D:2      | Found a faded altar of an unknown god.
  1394 | D:2      | Found Tojir's General Store.
  1808 | D:2      | Found a runed translucent door.
  1809 | D:2      | Noticed Crazy Yiuf
  2205 | D:3      | Reached XP level 5. HP: 34/34 MP: 4/7
  2488 | D:4      | Learned a level 3 spell: Call Canine Familiar
  2641 | D:4      | HP: 1/35 [orc/+0 hand axe (7)]
  2642 | D:4      | Slain by an orc

Illustrated notes

Levels and vault maps discovered:
D:1:      ebering_hopf_link, layout_rooms
D:2:      layout_loops_ring, serial_shops, shop, shapermc_ecumenical_altar_venn,
          corexii_leaking_fountain, nrook_uturn, uniq_crazy_yiuf_cottage,
          uniq_jessica
D:3:      layout_rooms, uniq_robin
D:4:      layout_basic, hangedman_glass_garden, amethyst_killhole,
          supply_closet_lemuel, uniq_ijyb

Skill      XL: |  1  2  3  4 |
---------------+-------------+-----
Spellcasting   | 1 |  1.9
Fighting       | 2 |  2.3
Unarmed Combat | 1 2 |  2.4
Summonings     | 1 |  1.5
Dodging        | |  2.3
Stealth        | |  1.3
Evocations     | |  3.2

Action                   |  1- 3 |  4- 6 || total
-------------------------+-------+-------++-------
Melee: Unarmed           |    57 |    88 ||   145
       Constrict         |    18 |    25 ||    43
       Tentacles         |    14 |    23 ||    37
       Punch             |       |     2 ||     2
 Cast: Summon Small Mamm |       |     7 ||     7
Evoke: Wand              |     2 |       ||     2
 Stab: Sleeping          |     6 |     8 ||    14
Armor: Skin              |    13 |    19 ||    32
Dodge: Dodged            |    62 |    75 ||   137
